 Dungeon Crawl Stone Soup version 0.30-a0-862-g1aabd4f9c5 (webtiles) character file.

Game seed: 20699413261548129

135 holysushi the Cutter (level 5, -1/36 HPs)
             Began as an Octopode Monk on Mar 9, 2023.
             Killed by divine providence
             ... invoked by an orc priest
              (15 damage)
             ... on level 3 of the Dungeon.
             The game lasted 00:02:23 (1955 turns).

holysushi the Cutter (Octopode Monk)                Turns: 1955, Time: 00:02:24

Health: -1/36      AC:  1    Str: 10    XL:     5   Next: 18%
Magic:  5/5        EV: 14    Int: 13    God:
Gold:   164        SH:  0    Dex: 16    Spells: 4/4 levels left

rFire   . . .      SeeInvis .    h - +1 dagger (distort)
rCold   . . .      Faith    .    (no shield)
rNeg    . . .      Spirit   .    (helmet restricted)
rPois   .          Reflect  .    (no amulet)
rElec   .          Rampage  .    (no ring)
rCorr   .                        (no ring)
Will    .....                    (no ring)
Stlth   ++++                     (no ring)
HPRegen 0.26/turn                (no ring)
MPRegen 0.09/turn                (no ring)
                                 (no ring)
                                 (no ring)

@: hasted, very quick
A: almost no armour, amphibious, 8 rings, camouflage 1, gelatinous body 1,
(nimble swimmer 1), tentacles
a: no special abilities


You were on level 3 of the Dungeon.
You visited 1 branch of the dungeon, and saw 3 of its levels.

You collected 164 gold pieces.

Inventory:

Hand Weapons
 a - a +0 short sword
 h - a +1 dagger of distortion (weapon)
Jewellery
 b - a ring of ice
Scrolls
 c - a scroll of blinking {unknown}
 d - a scroll of enchant weapon {unknown}
 i - a scroll of teleportation
 j - 2 scrolls of poison {unknown}
 k - a scroll of identify
 l - a scroll of fog {unknown}
Potions
 e - a potion of magic
 f - 2 potions of might {unknown}
 m - a potion of berserk rage {unknown}


   Skills:
 + Level 3.4 Fighting
 + Level 4.7 Short Blades
 + Level 3.4 Dodging
 + Level 3.7 Stealth


You had 4 spell levels left.
You didn't know any spells.
Your spell library was empty.

Dungeon Overview and Level Annotations

Branches:
Dungeon (3/15) Zot: 16071

Altars:


Innate Abilities, Weirdness & Mutations

You cannot wear most types of armour.
You are amphibious.
You can wear up to eight rings at the same time.
Your skin changes colour to match your surroundings (Stealth+).
Your rubbery body absorbs attacks. (AC +1, EV +1)
((You are camouflaged when in or above water. (Stealth+)))
You have tentacles for arms and can constrict up to eight enemies at once.


Message History

The orc shouts!
The orc priest shouts!
You hear a shout! x2
An orc comes into view. It is wielding a +0 whip.
You hear an angry hiss.
There are monsters nearby!
An orc priest comes into view. It is wielding a +1 mace of draining.
The orc priest looks braver for a moment.
The orc shouts!
You hit the orc.
Space warps around the orc.
You kill the orc!
The orc priest calls down the wrath of Beogh upon you.
Beogh smites you!
The orc priest calls down the wrath of Beogh upon you.
Beogh smites you!
You are too injured to fight recklessly!
You are too injured to fight recklessly!
You feel yourself speed up.
An orc comes into view. It is wielding a +0 club.
The orc priest looks satisfied for a moment.
The orc priest casts a cantrip, but nothing happens.
You closely miss the orc priest. You grab the orc priest.
You squeeze the orc priest.
The orc priest is lightly wounded.
You constrict the orc priest, but do no damage.
You hit the orc priest.
The orc priest is lightly wounded.
The orc priest struggles to blink free from constriction.
You constrict the orc priest, but do no damage.
The orc priest misses you.
You hit the orc priest. You squeeze the orc priest.
The orc priest is heavily wounded.
You constrict the orc priest. You hit the orc priest.
The orc priest is severely wounded.
The orc priest blinks free!
The orc throws a boomerang.
The boomerang closely misses you.
The orc priest calls upon Beogh to heal the orc priest.
The orc priest is healed somewhat.
The orc priest invokes the aid of Beogh against you.
Beogh smites you!
You die...

#.#.............#
#)#.....#.......#
#......[#.......#
#.......##...#.##
#.......###....#
#.......###.#..#####
#..................#
........#...!......#
.........#@##.......##
.............o..o.....
.######.##ยง........
#.##.......##
#.##.oo.....#
..##........#
######....#.. ....# .
.....


You could see 2 orc priests and an orc.

Vanquished Creatures
  Jessica (D:2)
  Robin (D:2)
  2 adders (D:2)
  A worm (D:2)
  2 dart slugs (D:2)
  An orc (D:3)
  3 bats (D:1)
  9 endoplasms
  A giant cockroach (D:2)
  12 goblins
  7 hobgoblins
  3 jackals (D:1)
  3 quokkas
  5 ball pythons
  A frilled lizard (D:2)
  7 kobolds
  6 rats
65 creatures vanquished.

Notes
Turn   | Place    | Note
-------+----------+-------------------------------------------
     0 | D:1      | holysushi the Octopode Monk began the quest for the Orb.
     0 | D:1      | Reached XP level 1. HP: 16/16 MP: 1/1
   171 | D:1      | Reached XP level 2. HP: 21/21 MP: 2/2
   233 | D:1      | Reached skill level 4 in Short Blades
   359 | D:1      | Reached XP level 3. HP: 26/26 MP: 3/3
  1112 | D:2      | Noticed Jessica
  1118 | D:2      | Killed Jessica
  1119 | D:2      | Reached XP level 4. HP: 31/31 MP: 4/4
  1269 | D:2      | Noticed Robin
  1279 | D:2      | Killed Robin
  1311 | D:2      | Reached XP level 5. HP: 36/36 MP: 5/5
  1955 | D:3      | Killed from afar by an orc priest

Illustrated notes

Levels and vault maps discovered:
D:1:      heliophobic_arrival_glass_houses, layout_loops_ring, minmay_cut_off
D:2:      layout_basic, minmay_tetromino_s4, uniq_robin, uniq_jessica
D:3:      layout_rooms, uniq_terence

Skill      XL: |  1  2  3 |
---------------+----------+-----
Short Blades   | 4 |  4.7
Stealth        | 3 |  3.7
Fighting       | |  3.4
Dodging        | |  3.4

Action                     |  1- 3 |  4- 6 || total
---------------------------+-------+-------++-------
  Melee: Short sword       |    66 |     3 ||    69
         Constrict         |    11 |    13 ||    24
         Punch             |     2 |       ||     2
         Tentacles         |    10 |     9 ||    19
         Dagger            |       |    49 ||    49
    Use: Scroll            |     6 |       ||     6
         Potion            |       |     2 ||     2
   Stab: Sleeping          |     8 |     5 ||    13
 Armour: Skin              |     5 |     2 ||     7
  Dodge: Dodged            |    35 |    36 ||    71

Table legend: (Time is in decaauts)
 A = Elapsed time spent in this place.
 B = Non-inter-level travel time spent in this place.
 C = Inter-level travel time spent in this place.
 D = Time resting spent in this place.
 E = Time spent auto-exploring this place.
 F = Levels seen in this place.
 G = Mean time per level.
                   A        B        C        D        E       F      G
               +--------+--------+--------+--------+--------+-----+--------+
         Total |   1927 |   1848 |     79 |     73 |   1391 |   3 |  642.3 |
       Dungeon |   1927 |   1848 |     79 |     73 |   1391 |   3 |  642.3 |
               +--------+--------+--------+--------+--------+-----+--------+

Top non-repeatable levels by time:
     D:1: 987 daAuts
     D:2: 903 daAuts
     D:3: 37 daAuts
